 Dungeon Crawl Stone Soup version 0.28.0-53-g5a82cb258f (webtiles) character file.

Game seed: 15826787683247314375

50 DemonSlayer the Firebug (level 3, -2/24 HPs)
             Began as a Demonspawn Fire Elementalist on July 21, 2022.
             Slain by a goblin
             ... wielding a +0 dagger
             ... led by Robin
              (3 damage)
             ... on level 2 of the Dungeon.
             The game lasted 00:01:48 (1714 turns).

DemonSlayer the Firebug (DsFE)                      Turns: 1714, Time: 00:01:48

Health: -2/24      AC:  4    Str:  8    XL:     3   Next: 55%
Magic:  7/7        EV: 12    Int: 18    God:
Gold:   85         SH:  0    Dex: 19    Spells: 2/7 levels left

rFire   . . .      SeeInvis .   e - +0 short sword
rCold   . . .      Faith    .   (no shield)
rNeg    . . .      Spirit   .   a - +0 robe
rPois   .          Reflect  .   (no helmet)
rElec   .          Harm     .   (no cloak)
rCorr   .          Rampage  .   (no gloves)
Will    .....                   (no boots)
Stlth   ++........              (no amulet)
HPRegen 0.08/turn               f - +6 ring of dexterity
MPRegen 0.10/turn               (no ring)

@: no status effects
A: icy blue scales 1
a: no special abilities


You were on level 2 of the Dungeon.
You visited 1 branch of the dungeon, and saw 2 of its levels.

You collected 85 gold pieces.

Inventory:

Hand Weapons
 e - a +0 short sword (weapon)
Armour
 a - a +0 robe (worn)
Jewellery
 f - a +6 ring of dexterity (left hand)
Scrolls
 b - a scroll of summoning {unknown}
 g - 2 scrolls of teleportation {unknown}
 i - a scroll of enchant weapon {unknown}
 j - a scroll of identify {unknown}
 m - a scroll of fog {unknown}
Potions
 c - 2 potions of curing {unknown}
 d - a potion of haste {unknown}
 h - 2 potions of mutation {unknown}
 k - a potion of heal wounds {unknown}
 l - a potion of lignification {unknown}


   Skills:
 + Level 0.1 Short Blades
 + Level 1.8 Dodging
 + Level 2.0 Stealth
 + Level 2.8 Spellcasting
 + Level 1.3 Conjurations
 + Level 3.3 Fire Magic


You had 2 spell levels left.
You knew the following spells:

 Your Spells              Type           Power      Damage    Failure   Level
a - Foxfire               Conj/Fire      40%        2x1d6     6%          1
b - Scorch                Fire           28%        2d6       6%          2
c - Ensorcelled Hibernat  Hex/Ice        4%         N/A       26%         2

Your spell library contained the following spells:

 Spells                   Type           Power      Damage    Failure   Level
 Conjure Flame            Conj/Fire      10%        6-21      19%         3
 Inner Flame              Hex/Fire       8%         N/A       26%         3
 Spider Form              Tmut/Pois      2%         N/A       45%         3
 Flame Wave               Conj/Fire      10%        2d5       54%         4
 Anguish                  Hex/Necr       1%         N/A       86%         4


Dungeon Overview and Level Annotations

Branches:
Dungeon (2/15)

Altars:

Shops:
D:2 :

Annotations:
D:2 Robin


Innate Abilities, Weirdness & Mutations

You are partially covered in icy blue scales. (AC +2)


Message History

Robin of the Strong Arm comes into view.
They are wielding a +3 vampiric spear.
The goblin shouts!
You hear a shout! x3
A goblin comes into view.
It is wielding a +0 club. 2 goblins come into view.
Robin shouts!
The goblin shouts! x3; The hobgoblin shouts!
You hear a shout!
Robin throws the goblin at you! The goblin hits you but does no damage.
A hobgoblin comes into view.
You hear a shout!
You hit the goblin.
You kill the goblin!
Robin roars a battlecry!
The goblins go into a battle-frenzy!
A goblin comes into view. It is wielding a +0 dagger.
A hobgoblin and a goblin come into view.
The goblin barely misses you.
A goblin comes into view. It is wielding a +0 dagger.
The goblin barely misses you.
A giant cockroach comes into view.
You hit the goblin.
You kill the goblin!
Robin throws the goblin at you!
The goblin hits you with a +0 dagger. x2
You barely miss the goblin. Robin throws the goblin at you!
The hobgoblin barely misses you.
The goblin hits you with a +0 dagger. x2
The goblin hits you with a +0 club.
* * * LOW HITPOINT WARNING * * *
You are too injured to fight recklessly!
You are too injured to fight recklessly!
You are too injured to fight recklessly!
You are too injured to fight recklessly!
You are too injured to fight recklessly!
You are too injured to fight recklessly!
You are too injured to fight recklessly!
You are too injured to fight recklessly!
You are too injured to fight recklessly!
You hit the goblin.
The goblin is heavily wounded.
The hobgoblin hits you.
* * * LOW HITPOINT WARNING * * *
The goblin hits you with a +0 dagger.
You die...

#.>############# #.
#.......... ...# #. ##
#.######### #.######.
##...##.#####
####<.......
............#
#..........#
.#...##.###$#
#.########.# ##. #.# #)#
#.# #.# # #.# #g#
#.########## #.#
#@#####.##........
#.....ggg........#....#.
#.[.###gg###########..#.
#..## #gg# ##.#... #Bg#
#.##..# #..# #######
#g.# ....


You could see Robin, a giant cockroach, 3 hobgoblins and 6 goblins.

Vanquished Creatures
  Jessica (D:2)
  An adder (D:2)
  2 hobgoblins (D:1)
  2 ball pythons (D:1)
  A bat (D:2)
  2 frilled lizards
  4 goblins
  3 kobolds (D:1)
  A rat (D:2)
17 creatures vanquished.

Vanquished Creatures (others)
  70 foxfires
70 creatures vanquished.

Grand Total: 87 creatures vanquished

Notes
Turn   | Place    | Note
-------+----------+-------------------------------------------
     0 | D:1      | DemonSlayer the Demonspawn Fire Elementalist began the
                  | quest for the Orb.
     0 | D:1      | Reached XP level 1. HP: 13/13 MP: 3/3
   517 | D:1      | Found a faded altar of an unknown god.
   660 | D:1      | Reached skill level 3 in Fire Magic
   882 | D:1      | Gained mutation: You are partially covered in icy blue
                  | scales. (AC +2) [demonic ancestry]
   882 | D:1      | Reached XP level 2. HP: 19/19 MP: 1/5
   989 | D:1      | Learned a level 2 spell: Scorch
  1201 | D:1      | Learned a level 2 spell: Ensorcelled Hibernation
  1436 | D:2      | Noticed Jessica
  1446 | D:2      | Killed Jessica
  1447 | D:2      | Reached XP level 3. HP: 23/24 MP: 0/6
  1576 | D:2      | Found Jastyr Ydaus's Book Boutique.
  1708 | D:2      | Noticed Robin
  1714 | D:2      | HP: 1/24 [hobgoblin[Robin] (6)]
  1714 | D:2      | Slain by a goblin

Illustrated notes

Levels and vault maps discovered:
D:1:      dpeg_arrival_simpleton_c, layout_basic,
          dreamdust_ecumenical_altar_statues, minmay_misc_feat_roman
D:2:      layout_loops_ring, serial_shops, shop, minmay_misc_feat_rugged,
          uniq_jessica, uniq_robin

Skill      XL: |  1  2 |
---------------+-------+-----
Fire Magic     | 3 |  3.3
Stealth        | 2 |  2.0
Short Blades   | |  0.1
Dodging        | |  1.8
Spellcasting   | |  2.8
Conjurations   | |  1.3

Action                   || total
-------------------------++-------
Melee: Short sword       ||     7
 Cast: Foxfire           ||    41
       Scorch            ||     2
Armor: Robe              ||     5
Dodge: Dodged            ||     6
